 Dungeon Sprint DCSS version 0.21.1-1-g345015f (webtiles) character file.

12497 equalderp2856 the Fencer (level 11, -1/112 HPs)
             Began as a Minotaur Fighter on May 30, 2018.
             Was an Initiate of Gozag.
             Killed from afar by Aizul (37 damage)
             ... with a bolt of poison
             ... in the Dungeon (Sprint IX: "|||||||||||||||||||||||||||||").
             The game lasted 00:08:23 (3531 turns).

equalderp2856 the Fencer (Minotaur Fighter)         Turns: 3531, Time: 00:08:23

Health: -1/112     AC: 19    Str: 22    XL:     11   Next: 63%
Magic:  10/10      EV: 12    Int:  9    God:    Gozag
Gold:   3390       SH: 21    Dex: 11    Spells: 10/10 levels left

rFire    . . .     SeeInvis .   s - +2 scimitar (flame)
rCold    + + +     Gourm    .   K - +1 large shield
rNeg     . . .     Faith    .   r - +1 chain mail
rPois    .         Spirit   .   (helmet restricted)
rElec    .         Reflect  .   x - +0 cloak
rCorr    .         Harm     .   L - +0 pair of gloves of Least Resistance {rC+++ MR++}
MR       ++...     NoTele   +   C - +0 pair of boots
Stlth    ..........             (no amulet)
HPRegen  0.28/turn              p - +2 ring of evasion
MPRegen  0.12/turn              q - +3 ring of intelligence

@: lethally poisoned (-1 -> -17), gold aura, bribing [the Dungeon]
A: retaliatory headbutt, horns 2
a: Potion Petition, Call Merchant, Bribe Branch, Renounce Religion


You were in the Dungeon.
You worshipped Gozag.
Gozag was most pleased with you.
You were near starving.

You visited 1 branch You collected 7797 gold pieces.
You spent 1407 gold pieces at shops.
You paid 3000 gold pieces to Gozag.

Inventory:

Hand Weapons
 a - a +0 war axe
 s - a +2 scimitar of flaming (weapon)
 t - a +3 war axe of chopping
 z - a +0 broad axe
 I - a +3 broad axe
Armour
 b - a +0 scale mail
 c - a +0 shield
 r - a +1 chain mail (worn)
 x - a +0 cloak (worn)
 y - a +0 pair of gloves
 C - a +0 pair of boots (worn)
 J - a +1 pair of gloves
 K - a +1 large shield (worn)
 L - the +0 pair of gloves of Least Resistance (worn) {rC+++ MR++}
   (You found it in the Dungeon)

   It renders you almost immune to cold.
   It affects your resistance to hostile enchantments.
 M - a +1 large shield
 N - +0 swamp dragon scales
Jewellery
 p - a +2 ring of evasion (left hand)
 q - a +3 ring of intelligence (right hand)
 u - an uncursed ring of ice
 E - an uncursed ring of protection from magic
 F - an uncursed ring of fire
 G - an uncursed ring of protection from fire
 H - an uncursed ring of ice
Wands
 f - a wand of random effects (19)
 o - a wand of acid (20)
 A - a wand of iceblast (8)
 D - a wand of paralysis (15)
Scrolls
 k - 4 scrolls of blinking
 m - 3 scrolls of remove curse
 n - 2 scrolls of amnesia
 v - 4 scrolls of enchant armour
 w - 5 scrolls of identify
 O - 2 scrolls of fear
Potions
 d - 2 potions of might
 e - 2 potions of curing
 g - 6 potions of heal wounds
 i - 4 potions of magic
 j - 2 potions of agility
 l - a potion of invisibility
Miscellaneous
 B - a phial of floods
Comestibles
 h - 9 rations


   Skills:
 + Level 15.0 Fighting
 + Level 18.4 Long Blades
 + Level 8.0 Axes
 + Level 15.4 Armour
 + Level 8.1 Dodging
 + Level 3.6 Stealth
 + Level 14.8 Shields


You had 10 spell levels left.
You didn't know any spells.

Dungeon Overview and Level Annotations

Branches:
Dungeon (1/1)

Altars:
Cheibriados
Dithmenos
Elyvilon
Fedhas
Gozag
Hepliaklqana
Kikubaaqudgha
Makhleb
Nemelex Xobeh
Okawaru
Qazlal
Ru
Sif Muna
Trog
Uskayaw
Vehumet
Wu Jian
Xom
Yredelemnul
Zin
The Shining One
Beogh
Jiyva
Lugonu

Shops:
D (}[[

Annotations:
D Agnes, Aizul


Innate Abilities, Weirdness & Mutations

You reflexively headbutt those who attack you in melee.
You have a pair of horns on your head.


Message History

Aizul coils herself and waves her upper body at you.
The bolt of poison hits you!
You are poisoned.
You miss Aizul. Your headbutt misses Aizul.
Aizul is severely wounded.
You feel sick. Aizul hits you!
You closely miss Aizul.
Aizul is severely wounded.
You feel sick.
Agnes closely misses Aizul.
Aizul casts a spell at you. The poison arrow hits you!
You are more poisoned.
* * * LOW HITPOINT WARNING * * *
Agnes misses Aizul.
You feel better.
Agnes misses Aizul.
Aizul coils herself and waves her upper body at you.
The bolt of poison hits you!
You are poisoned.
You die...
Your body crumbles into a pile of gold.

▓▓▓▓▓▓▓▓▓▓▓▓▓▓▓▓▓▓▓▓▓▓
▓.........((..@Si.....
▓.▓▓▓▓▓▓▓▓▓▓▓▓▓▓▓▓▓▓▓▓▓▓▓▓▓▓▓▓▓
▓.........'......))...)()('.)..
▓▓▓▓▓▓▓▓▓▓▓▓▓▓▓▓▓▓▓▓▓▓▓▓▓▓▓▓▓▓▓
▓..............................
▓.▓▓▓▓▓▓▓▓▓▓▓▓▓▓▓▓▓▓▓▓▓▓▓▓▓▓▓▓▓
▓.....o.o.'.)..)∩.∩.∩)∩))...)..
▓▓▓▓▓▓▓▓▓▓▓▓▓▓▓▓▓▓▓▓▓▓▓▓▓▓▓▓▓▓▓
▓.[............................


You could see Aizul and the neutral Agnes (wandering).

Vanquished Creatures
  An ettin (D)
  An ice dragon (D)
  4 death yaks (D)
  3 orc knights (D)
  2 orc sorcerers (D)
  An ugly thing (D)
  A cyclops (D)
  An elephant (D)
  A black mamba (D)
  3 spiny frogs (D)
  A komodo dragon (D)
  A meliai (D)
  A hippogriff (D)
  2 blink frogs (D)
  A wraith (D)
  A basilisk (D)
  A wyvern (D)
  4 yaks (D)
  A water moccasin (D)
  A porcupine (D)
  A black bear (D)
  7 orc warriors (D)
  A phantom (D)
  2 wolves (D)
  A centaur (D)
  7 bullfrogs (D)
  2 hounds (D)
  A jelly (D)
  A worker ant (D)
  4 orc wizards (D)
  An adder (D)
  A shadow imp (D)
  An adder skeleton (D)
  A leopard gecko (D)
  7 orcs (D)
  A bat zombie (D)
  2 hobgoblins (D)
  2 jackals (D)
  A bat (D)
  A frilled lizard (D)
77 creatures vanquished.

Vanquished Creatures (collateral kills)
  An orc knight (D)
  An orc sorcerer (D)
  A kobold demonologist (D)
  2 orcs (D)
5 creatures vanquished.

Vanquished Creatures (others)
  A frost giant (D)
  A rakshasa (D)
  A deep troll shaman (D)
  An unseen horror (D)
  2 orc sorcerers (D)
  An ugly thing (D)
  A cyclops (D)
  Joseph (D)
  3 orc warriors (D)
  3 orcs (D)
15 creatures vanquished.

Grand Total: 97 creatures vanquished

Notes
Turn   | Place    | Note
-------+----------+-------------------------------------------
     0 | D        | equalderp2856 the Minotaur Fighter began the quest for the Orb.
     0 | D        | Reached XP level 1. HP: 19/19 MP: 0/0
    43 | D        | Noticed a worker ant
    53 | D        | Reached XP level 2. HP: 28/28 MP: 1/1
    56 | D        | Reached skill level 5 in Shields
    62 | D        | Reached skill level 5 in Fighting
    62 | D        | Reached skill level 5 in Armour
    62 | D        | Reached skill level 1 in Dodging
    62 | D        | Reached XP level 3. HP: 33/36 MP: 2/2
    98 | D        | Found a roughly hewn altar of Beogh.
    98 | D        | Found a snail-covered altar of Cheibriados.
    98 | D        | Found a shadowy altar of Dithmenos.
    98 | D        | Found a white marble altar of Elyvilon.
    98 | D        | Found a blossoming altar of Fedhas.
    98 | D        | Found an opulent altar of Gozag.
    99 | D        | Found a hazy altar of Hepliaklqana.
   100 | D        | Found a viscous altar of Jiyva.
   101 | D        | Found an ancient bone altar of Kikubaaqudgha.
   102 | D        | Found a corrupted altar of Lugonu.
   103 | D        | Found a burning altar of Makhleb.
   104 | D        | Found a sparkling altar of Nemelex Xobeh.
   105 | D        | Found an iron altar of Okawaru.
   106 | D        | Found a stormy altar of Qazlal.
   107 | D        | Found a sacrificial altar of Ru.
   108 | D        | Found a deep blue altar of Sif Muna.
   109 | D        | Found a bloodstained altar of Trog.
   110 | D        | Found a hide-covered altar of Uskayaw.
   111 | D        | Found a radiant altar of Vehumet.
   112 | D        | Found an ornate altar of the Wu Jian Council.
   113 | D        | Found a shimmering altar of Xom.
   114 | D        | Found a basalt altar of Yredelemnul.
   115 | D        | Found a glowing silver altar of Zin.
   116 | D        | Found a glowing golden altar of the Shining One.
   171 | D        | Noticed an orc warrior
   171 | D        | Noticed a bullfrog
   171 | D        | Noticed a phantom
   171 | D        | Noticed a hippogriff
   178 | D        | Killed a hippogriff
   178 | D        | Reached skill level 11 in Long Blades
   178 | D        | Reached XP level 4. HP: 28/42 MP: 3/3
   178 | D        | Reached XP level 5. HP: 32/48 MP: 4/4
   182 | D        | Reached skill level 12 in Long Blades
   182 | D        | Reached XP level 6. HP: 38/56 MP: 5/5
   183 | D        | Reached skill level 13 in Long Blades
   188 | D        | Killed an orc warrior
   188 | D        | Reached skill level 14 in Long Blades
   238 | D        | Reached XP level 7. HP: 42/61 MP: 6/6
   331 | D        | Noticed a wraith
   331 | D        | Noticed a meliai
   347 | D        | Reached skill level 5 in Axes
   352 | D        | Killed a meliai
   352 | D        | Reached skill level 15 in Long Blades
   362 | D        | Killed a wraith
   362 | D        | Reached XP level 8. HP: 31/71 MP: 7/7
   603 | D        | Became a worshipper of Gozag Ym Sagoz the Greedy
   754 | D        | Noticed a blink frog
   754 | D        | Noticed a black mamba
   754 | D        | Noticed a spiny frog
   754 | D        | Noticed a komodo dragon
   763 | D        | Killed a komodo dragon
   986 | D        | Killed a spiny frog
   986 | D        | Reached skill level 10 in Shields
   989 | D        | Killed a black mamba
   989 | D        | Reached skill level 10 in Armour
   989 | D        | Reached skill level 5 in Dodging
   989 | D        | Reached XP level 9. HP: 35/81 MP: 8/8
   993 | D        | Reached skill level 1 in Stealth
  1409 | D        | Noticed a spiny frog
  1412 | D        | Noticed an elephant
  1413 | D        | Killed a spiny frog
  1417 | D        | Noticed a spiny frog
  1431 | D        | Killed an elephant
  1442 | D        | Killed a spiny frog
  1442 | D        | Reached skill level 16 in Long Blades
  1442 | D        | Reached XP level 10. HP: 48/93 MP: 9/9
  1649 | D        | Noticed a death yak
  1649 | D        | Noticed a death yak
  1651 | D        | Noticed a death yak
  1663 | D        | Killed a death yak
  1663 | D        | Reached skill level 10 in Fighting
  1862 | D        | Noticed a death yak
  2002 | D        | Killed a death yak
  2013 | D        | Killed a death yak
  2060 | D        | Killed a death yak
  2060 | D        | Reached skill level 17 in Long Blades
  2449 | D        | Noticed an orc knight
  2449 | D        | Noticed an orc knight
  2450 | D        | Noticed an orc knight
  2464 | D        | Killed an orc knight
  2464 | D        | Reached XP level 11. HP: 104/105 MP: 10/10
  2575 | D        | Killed an orc knight
  2584 | D        | Killed an orc knight
  2813 | D        | Found Wel Walub's Armour Boutique.
  2813 | D        | Noticed an orc sorcerer
  2813 | D        | Noticed an orc sorcerer
  2813 | D        | Noticed an orc high priest
  2813 | D        | Noticed an orc knight
  2814 | D        | Noticed a soul eater
  2820 | D        | Killed an orc knight
  2822 | D        | Found Fagreiq's Antique Armour Shop.
  2823 | D        | Noticed an orc sorcerer
  2824 | D        | Found Recva's Gadget Boutique.
  2826 | D        | Killed an orc sorcerer
  2828 | D        | Noticed an orc sorcerer
  2828 | D        | Found Kyez's Weapon Shop.
  2830 | D        | Noticed an orc sorcerer
  2832 | D        | Noticed an orc sorcerer
  2834 | D        | Killed an orc sorcerer
  2837 | D        | Killed an orc sorcerer
  2837 | D        | Reached skill level 18 in Long Blades
  2889 | D        | Bought a wand of iceblast (8) for 168 gold pieces
  2889 | D        | Bought a phial of floods for 560 gold pieces
  2893 | D        | Bought a +0 pair of boots for 49 gold pieces
  2904 | D        | Bought a wand of acid (10) for 392 gold pieces
  2904 | D        | Bought a wand of paralysis (15) for 238 gold pieces
  3058 | D        | Got the +0 pair of gloves of Least Resistance {rC+++ MR++}
  3141 | D        | Noticed a white ugly thing
  3155 | D        | Killed a white ugly thing
  3155 | D        | Reached skill level 15 in Armour
  3156 | D        | Noticed an ice dragon
  3157 | D        | Noticed an ettin
  3159 | D        | Noticed a rakshasa
  3167 | D        | Killed a rakshasa
  3169 | D        | Killed an unseen horror
  3173 | D        | Noticed a frost giant
  3175 | D        | Killed a frost giant
  3331 | D        | Noticed an ettin
  3337 | D        | Killed an ice dragon
  3337 | D        | Killed a green ugly thing
  3343 | D        | Killed an ettin
  3343 | D        | Reached skill level 15 in Fighting
  3347 | D        | Killed a deep troll shaman
  3512 | D        | Noticed Joseph
  3514 | D        | Noticed Aizul
  3515 | D        | Noticed Agnes
  3528 | D        | Killed Joseph
  3531 | D        | Killed from afar by Aizul

Skill      XL: |  1  2  3  4  5  6  7  8  9 10 11 |
---------------+----------------------------------+-----
Shields        | 4 5 6 9 10 12 13 14 | 14.8
Fighting       | 4 5 6 7 9 12 15 | 15.0
Armour         | 4 5 8 10 12 14 15 | 15.4
Axes           | 3 4 6 7 8 |  8.0
Dodging        | 1 3 5 6 7 8 |  8.1
Long Blades    | 11 12 14 15 16 17 18 | 18.4
Stealth        | 2 3 |  3.6

Action                   |  1- 3 |  4- 6 |  7- 9 | 10-12 || total
-------------------------+-------+-------+-------+-------++-------
Melee: War axe           |    44 |       |       |       ||    44
       Headbutt          |     7 |     4 |    15 |    41 ||    67
       Scimitar          |     5 |    16 |    96 |   187 ||   304
Invok: Bribe Branch      |       |       |       |     1 ||     1
  Use: Potion            |     2 |     1 |     7 |     1 ||    11
 Stab: Distracted        |       |       |     1 |       ||     1
  Eat: Ration            |       |       |     1 |     1 ||     2
Armor: Scale mail        |    19 |     2 |    15 |     4 ||    40
       Chain mail        |       |       |       |     9 ||     9
Dodge: Dodged            |    16 |     1 |    22 |    37 ||    76
Block: Shield            |    33 |     3 |    41 |    33 ||   110
       Large shield      |       |       |       |    23 ||    23
       Rpst.: Scimitar   |       |       |     6 |    13 ||    19
